 Dungeon Crawl Stone Soup version 0.29.0-4-gdea44cf6ec (webtiles) character file.

Game seed: 11043317938680958731

9097 qw the Cleaver (level 11, -17/87 HPs)
             Began as a Formicid Cinder Acolyte on Sept 4, 2022.
             Was an Initiate of Ignis.
             Killed by the air
             ... invoked by Gastronok
              (25 damage)
             ... on level 2 of the Lair of Beasts.
             The game lasted 00:03:28 (13576 turns).

qw the Cleaver (Formicid Cinder Acolyte)           Turns: 13576, Time: 00:03:28

Health: -17/87     AC: 20    Str: 23    XL:     11   Next: 68%
Magic:  0/12       EV:  7    Int: 14    God:    Ignis [......]
Gold:   600        SH:  5    Dex:  9    Spells: 12/12 levels left

rFire   + . .      SeeInvis +   j - +0 battleaxe
rCold   . . .      Faith    .   e - +0 buckler
rNeg    . . .      Spirit   +   k - +1 plate armour
rPois   .          Reflect  .   (helmet unavailable)
rElec   .          Harm     .   o - +2 cloak
rCorr   .          Rampage  .   r - +2 pair of gloves
Will    ++...                   (no boots)
Stlth   ..........              p - amulet of guardian spirit
HPRegen 0.24/turn               f - ring of willpower
MPRegen 0.13/turn               (no ring)

@: no status effects
A: permanent stasis, dig shafts and tunnels, antennae 3, four strong arms
a: Dig, Shaft Self, Renounce Religion, Rising Flame


You were on level 2 of the Lair of Beasts.
You worshipped Ignis.
Ignis was noncommittal.
You visited 2 branches of the dungeon, and saw 11 of its levels.

You collected 681 gold pieces.
You spent 81 gold pieces at shops.


Innate Abilities, Weirdness & Mutations

You cannot be hasted, slowed, berserked, paralysed or teleported.
You can dig through walls and to a lower floor.
You have a pair of large antennae on your head. (SInv)
Your four strong arms can wield two-handed weapons with a shield.


   Skills:
 + Level 8.9 Fighting
 - Level 13.0 Axes
 - Level 3.2 Throwing
 - Level 7.3 Armour
 - Level 2.2 Dodging
 - Level 6.2 Shields
 - Level 1.1 Spellcasting
 - Level 3.0 Fire Magic


You had 12 spell levels left.
You didn't know any spells.
Your spell library contained the following spells:

 Spells                   Type           Power      Damage    Failure   Level
 Scorch                   Fire           18%        2d6       90%         2

Inventory:

Hand Weapons
 c - a -1 hand axe of flaming
 j - a +0 battleaxe (weapon)
Missiles
 b - 3 boomerangs (quivered)
Armour
 e - a +0 buckler (worn)
 k - a +1 plate armour (worn)
 o - a +2 cloak (worn)
 r - a +2 pair of gloves (worn)
Jewellery
 f - a ring of willpower (left hand)
 l - a ring of ice
 p - an amulet of guardian spirit (around neck)
Scrolls
 a - 7 scrolls of identify
Potions
 d - a potion of haste
 g - 9 potions of curing
 m - a potion of mutation
 q - 4 potions of might

Dungeon Overview and Level Annotations

Branches:
Dungeon (9/15)             Temple (0/1) D:7            Lair (2/5) D:9
  Swamp: Lair:2-3    Shoals: Lair:2-3     Snake: Lair:2-3    Spider: Lair:2-3
    Orc: D:9-12

Altars:
Elyvilon
Fedhas
Nemelex Xobeh
Qazlal
Vehumet
Zin

Shops:
D:2 *   D:9 (

Annotations:
D:2 1 runed translucent door, Crazy Yiuf
Lair:2 Gastronok


Message History

Gastronok is lightly wounded.
Gastronok bites you!!
You hit Gastronok.
Gastronok is moderately wounded.
You hit Gastronok.
Gastronok is moderately wounded.
Gastronok waves his eye-stalks in wide circles.
The air twists around and strikes you!
You hit Gastronok.
Gastronok is moderately wounded.
You barely miss Gastronok.
Gastronok is moderately wounded.
Gastronok bites you but does no damage.
You slash Gastronok!
Gastronok is moderately wounded.
You slash Gastronok!
Gastronok is heavily wounded.
Gastronok bites you!
You slice Gastronok!!
Gastronok is heavily wounded.
You slash Gastronok!
Gastronok is severely wounded.
You feel a sudden urge to swivel your nonexistent eyestalks around.
You hit Gastronok but do no damage.
Gastronok is severely wounded.
You hit Gastronok.
Gastronok is severely wounded.
Gastronok bites you.
You hit Gastronok but do no damage.
Gastronok is severely wounded.
You slash Gastronok!
Gastronok is severely wounded.
Gastronok bites you!!
You slice Gastronok!!
Gastronok is severely wounded.
You hit Gastronok but do no damage.
Gastronok is severely wounded.
Gastronok waves his eye-stalks in wide circles.
The air twists around and strikes you!!
You die...

...........
..........###
............
...........
..........##
...........##
......w.....### ##
.......@......# ##..
..[..........###.....
.............#.....>.
...................P
............(#..#..#
..#..............#
............>....##
.................#
...#.............#


You could see Gastronok (swift).

Vanquished Creatures
  A hydra (Lair:2)
  3 black mambas (Lair:1)
  2 cane toads
  3 rime drakes (Lair:1)
  2 komodo dragons (Lair:1)
  4 blink frogs (Lair:1)
  A basilisk (Lair:1)
  4 yaks (Lair:2)
  A wyvern (Lair:2)
  Menkaure (D:6)
  An acid dragon (D:8)
  4 water moccasins
  2 black bears
  4 orc warriors
  An ice beast (D:7)
  An ogre (D:5)
  4 centaurs
  5 wolves
  A phantom (D:6)
  Blork the orc (D:4)
  6 bullfrogs
  4 scorpions
  2 necrophages
  9 howler monkeys
  2 hounds
  4 orc priests
  2 jellies
  Jessica (D:2)
  4 orc wizards
  5 iguanas
  4 gnolls (D:5)
  7 adders
  A shadow imp (D:6)
  A white imp (D:6)
  An ufetubus (D:5)
  A worm (D:4)
  2 dart slugs (D:3)
  17 orcs
  5 endoplasms
  2 giant cockroaches (D:3)
  13 goblins
  9 hobgoblins
  6 jackals
  2 kobolds
  2 quokkas
  4 ball pythons
  4 bats
  2 frilled lizards
  7 rats
175 creatures vanquished.

Vanquished Creatures (others)
  An endoplasm (D:3)
  14 fungi
  14 plants (D:9)
29 creatures vanquished.

Grand Total: 204 creatures vanquished

Notes
Turn   | Place    | Note
-------+----------+-------------------------------------------
     0 | D:1      | qw the Formicid Cinder Acolyte began the quest for the Orb.
     0 | D:1      | Reached XP level 1. HP: 18/18 MP: 2/2
     0 | D:1      | 0 ||| qw: Version: 0.1-a-103-gd6f5d3a
     0 | D:1      | 0 ||| qw: Game counter: 5512
     0 | D:1      | 0 ||| qw: Always use a shield: true
     0 | D:1      | 0 ||| qw: God list: Okawaru
     0 | D:1      | 0 ||| qw: Allow faded altars: false
     0 | D:1      | 0 ||| qw: Do Orc after D:15 true
     0 | D:1      | 0 ||| qw: Do second Lair branch before Depths: true
     0 | D:1      | 0 ||| qw: Lair rune preference: random
     0 | D:1      | 0 ||| qw: Plans: Normal
     0 | D:1      | 0 ||| PLANNING D:1-11
   188 | D:1      | Found a faded altar of an unknown god.
   224 | D:1      | Reached XP level 2. HP: 24/24 MP: 3/3
   429 | D:1      | 429 ||| Stepping ~*~*~tactically~*~*~ (stealth).
   431 | D:1      | 431 ||| Stepping ~*~*~tactically~*~*~ (stealth).
   433 | D:1      | 433 ||| Stepping ~*~*~tactically~*~*~ (stealth).
   738 | D:1      | 738 ||| UPGRADING to ring of willpower.
   739 | D:1      | 739 ||| DROPPING +6 ring of intelligence.
   740 | D:1      | 740 ||| READING 3 scrolls labelled POALUGR LIAMMU.
   741 | D:1      | 741 ||| READING scroll labelled HUC LYMUQ ZIOFU.
   742 | D:1      | 742 ||| READING 2 scrolls of identify.
   742 | D:1      | 742 ||| IDENTIFYING grey potion
   827 | D:2      | Reached skill level 4 in Axes
   827 | D:2      | Reached XP level 3. HP: 29/29 MP: 4/4
   921 | D:2      | Found Ibuonuc's Assorted Antiques.
   932 | D:2      | Reached skill level 1 in Dodging
  1171 | D:2      | 1171 ||| SHOPLISTING chain mail (126 gold, have 97).
  1171 | D:2      | 1171 ||| SHOPLISTING peridot ring (140 gold, have 97).
  1171 | D:2      | 1171 ||| BUYING scroll labelled EGRUYL SOERPHE (28 gold).
  1171 | D:2      | Bought a scroll labelled EGRUYL SOERPHE for 28 gold pieces
  1171 | D:2      | 1171 ||| BUYING scroll labelled QEG LUFIERHOT (28 gold).
  1171 | D:2      | Bought a scroll labelled QEG LUFIERHOT for 28 gold pieces
  1171 | D:2      | 1171 ||| SHOPLISTING shiny chain mail (210 gold, have 41).
  1171 | D:2      | 1171 ||| SHOPLISTING shiny scale mail (196 gold, have 41).
  1171 | D:2      | 1171 ||| BUYING viscous golden potion (25 gold).
  1171 | D:2      | Bought a viscous golden potion for 25 gold pieces
  1171 | D:2      | 1171 ||| SHOPLISTING viscous inky potion (25 gold, have
                  | 16).
  1636 | D:2      | Noticed Jessica
  1640 | D:2      | Killed Jessica
  1641 | D:2      | Reached XP level 4. HP: 35/35 MP: 5/5
  1657 | D:2      | Found a radiant altar of Vehumet.
  1975 | D:2      | Found a runed translucent door.
  1976 | D:2      | Noticed Crazy Yiuf
  2109 | D:2      | 2109 ||| SWAPPING to +0 war axe.
  2110 | D:2      | 2110 ||| UPGRADING to +0 ring mail.
  2120 | D:2      | 2120 ||| DROPPING +0 robe.
  2121 | D:2      | 2121 ||| UPGRADING to +0 pair of gloves.
  2126 | D:2      | 2126 ||| UPGRADING to amulet of guardian spirit.
  2131 | D:2      | 2131 ||| READING scroll labelled GIMOWA DUUVULL.
  2132 | D:2      | 2132 ||| READING scroll labelled EGRUYL SOERPHE.
  2133 | D:2      | 2133 ||| READING scroll labelled QEG LUFIERHOT.
  2134 | D:2      | 2134 ||| READING scroll labelled WEORPH HUDGHED.
  2235 | D:2      | 2235 ||| READING scroll labelled GEBUMUPP KOSURCH.
  2236 | D:2      | 2236 ||| DRINKING 2 lumpy coppery potions.
  2237 | D:2      | 2237 ||| DRINKING 2 viscous golden potions.
  2238 | D:2      | 2238 ||| DRINKING 2 yellow potions.
  2339 | D:2      | 2339 ||| READING 2 scrolls of identify.
  2339 | D:2      | 2339 ||| IDENTIFYING sedimented emerald potion
  2340 | D:2      | 2340 ||| DROPPING potion of ambrosia.
  2341 | D:2      | 2341 ||| DROPPING potion of invisibility.
  2394 | D:3      | 2394 ||| STAIRDANCE
  2514 | D:3      | 2514 ||| INVOKING Fiery Armour.
  2522 | D:3      | Reached skill level 1 in Armour
  2522 | D:3      | Reached XP level 5. HP: 40/41 MP: 4/6
  2523 | D:3      | Reached skill level 5 in Axes
  2602 | D:3      | 2602 ||| Stepping ~*~*~tactically~*~*~ (hiding).
  2649 | D:3      | 2649 ||| INVOKING Fiery Armour.
  2943 | D:3      | Found a white marble altar of Elyvilon.
  3058 | D:3      | 3058 ||| Stepping ~*~*~tactically~*~*~ (hiding).
  3064 | D:3      | 3064 ||| INVOKING Fiery Armour.
  3373 | D:3      | Reached skill level 1 in Throwing
  3461 | D:3      | 3461 ||| Stepping ~*~*~tactically~*~*~ (stealth).
  3473 | D:3      | Reached XP level 6. HP: 45/47 MP: 5/7
  3556 | D:3      | 3556 ||| READING scroll labelled JAILUAC LUNU.
  3879 | D:4      | Noticed Blork the orc
  3886 | D:4      | 3886 ||| INVOKING Fiery Armour.
  3888 | D:4      | HP: 11/47 [Blork the orc/+0 dire flail (6)]
  3888 | D:4      | Killed Blork the orc
  3889 | D:4      | Reached skill level 6 in Axes
  4752 | D:4      | Found a blossoming altar of Fedhas.
  4976 | D:4      | Found a stormy altar of Qazlal.
  5297 | D:4      | 5297 ||| READING 2 scrolls labelled UTWYUTABEMM.
  5298 | D:4      | 5298 ||| READING scroll labelled GOTSA SATOOZ.
  5299 | D:4      | 5299 ||| READING 2 scrolls labelled BEMOUS DISO.
  5300 | D:4      | 5300 ||| DROPPING scroll of poison.
  5301 | D:4      | 5301 ||| DROPPING scroll of vulnerability.
  5302 | D:4      | 5302 ||| Stepping randomly (stuck).
  5303 | D:4      | 5303 ||| Stepping ~*~*~tactically~*~*~ (cloud).
  5487 | D:5      | Entered Level 5 of the Dungeon
  5641 | D:5      | 5641 ||| Stepping ~*~*~tactically~*~*~ (stealth).
  5646 | D:5      | 5646 ||| Stepping ~*~*~tactically~*~*~ (stealth).
  5648 | D:5      | 5648 ||| Stepping ~*~*~tactically~*~*~ (stealth).
  5651 | D:5      | 5651 ||| Stepping ~*~*~tactically~*~*~ (stealth).
  5888 | D:5      | Reached XP level 7. HP: 45/54 MP: 6/8
  6033 | D:5      | 6033 ||| INVOKING Fiery Armour.
  6036 | D:5      | HP: 11/54 [gnoll/+0 spear (5)]
  6037 | D:5      | 6037 ||| DRINKING 2 potions of heal wounds.
  6201 | D:5      | Identified the +8 mace of Conscience {elec, rElec rF++ rC+
                  | Str-2}
  6210 | D:5      | 6210 ||| READING scroll of brand weapon.
  6210 | D:5      | 6210 ||| BRANDING +0 war axe of venom.
  6237 | D:5      | Reached skill level 7 in Axes
  6242 | D:5      | Identified the +7 dagger of Honour {elec, rC- rN++}
  6422 | D:5      | 6422 ||| UPGRADING to +0 scale mail.
  6432 | D:5      | 6432 ||| UPGRADING to +0 swamp dragon scales.
  6442 | D:5      | 6442 ||| DROPPING +0 scale mail.
  6443 | D:5      | 6443 ||| DROPPING +0 ring mail.
  6444 | D:5      | 6444 ||| DRINKING 2 dark potions.
  6445 | D:5      | 6445 ||| READING 2 scrolls of identify.
  6445 | D:5      | 6445 ||| IDENTIFYING viscous inky potion
  6446 | D:5      | 6446 ||| DROPPING potion of degeneration.
  6447 | D:5      | 6447 ||| DROPPING potion of berserk rage.
  6464 | D:6      | 6464 ||| INVOKING Fiery Armour.
  6467 | D:6      | Reached skill level 3 in Armour
  6484 | D:6      | 6484 ||| FLEEEEING.
  6485 | D:6      | 6485 ||| STAIRDANCE
  6625 | D:6      | Reached XP level 8. HP: 57/60 MP: 7/9
  6641 | D:6      | 6641 ||| SWAPPING to +2 war axe of freezing.
  6642 | D:6      | 6642 ||| DROPPING +0 war axe of freezing.
  6666 | D:6      | Noticed Menkaure
  6667 | D:6      | 6667 ||| Stepping ~*~*~tactically~*~*~ (hiding).
  6677 | D:6      | 6677 ||| INVOKING Fiery Armour.
  6677 | D:6      | HP: 11/60 [Menkaure (9)]
  6678 | D:6      | 6678 ||| DRINKING potion of heal wounds.
  6679 | D:6      | Killed Menkaure
  6680 | D:6      | Reached skill level 8 in Axes
  7042 | D:6      | Found a glowing silver altar of Zin.
  7658 | D:6      | 7658 ||| READING scroll labelled DAOTEH CIBBEL.
  7659 | D:6      | 7659 ||| DRINKING 3 inky potions.
  7660 | D:6      | 7660 ||| READING 2 scrolls of identify.
  7660 | D:6      | 7660 ||| IDENTIFYING red potion
  7661 | D:6      | 7661 ||| DROPPING potion of brilliance.
  7662 | D:6      | 7662 ||| DROPPING 2 potions of flight.
  7740 | D:7      | 7740 ||| Stepping ~*~*~tactically~*~*~ (stealth).
  7742 | D:7      | 7742 ||| Stepping ~*~*~tactically~*~*~ (hiding).
  7743 | D:7      | 7743 ||| Stepping ~*~*~tactically~*~*~ (hiding).
  7745 | D:7      | 7745 ||| Stepping ~*~*~tactically~*~*~ (hiding).
  7749 | D:7      | 7749 ||| INVOKING Fiery Armour.
  7752 | D:7      | 7752 ||| Stepping ~*~*~tactically~*~*~ (stealth).
  7758 | D:7      | Reached skill level 9 in Axes
  7852 | D:7      | Reached XP level 9. HP: 68/68 MP: 10/10
  7879 | D:7      | 7879 ||| Stepping ~*~*~tactically~*~*~ (stealth).
  7894 | D:7      | 7894 ||| Stepping ~*~*~tactically~*~*~ (stealth).
  7906 | D:7      | Reached skill level 6 in Fighting
  7957 | D:7      | 7957 ||| Stepping ~*~*~tactically~*~*~ (stealth).
  8030 | D:7      | 8030 ||| Stepping ~*~*~tactically~*~*~ (hiding).
  8041 | D:7      | 8041 ||| FLEEEEING.
  8049 | D:7      | 8049 ||| STAIRDANCE
  8117 | D:6      | 8117 ||| READING 3 scrolls of identify.
  8117 | D:6      | 8117 ||| IDENTIFYING viscous puce potion
  8118 | D:6      | 8118 ||| READING 2 scrolls of identify.
  8118 | D:6      | 8118 ||| IDENTIFYING puce potion
  8126 | D:7      | 8126 ||| Stepping ~*~*~tactically~*~*~ (stealth).
  8170 | D:7      | 8170 ||| Stepping ~*~*~tactically~*~*~ (stealth).
  8179 | D:7      | 8179 ||| Stepping ~*~*~tactically~*~*~ (stealth).
  8279 | D:7      | Found a staircase to the Ecumenical Temple.
  8310 | D:7      | Reached skill level 10 in Axes
  8422 | D:7      | 8422 ||| INVOKING Fiery Armour.
  8795 | D:7      | 8795 ||| READING scroll labelled RARE IDGHEKK.
  8796 | D:7      | 8796 ||| READING scroll labelled NIPNIO GOV JOS.
  8820 | D:8      | 8820 ||| STAIRDANCE
  8823 | D:7      | Reached skill level 3 in Throwing
  8835 | D:8      | 8835 ||| Stepping ~*~*~tactically~*~*~ (hiding).
  8836 | D:8      | 8836 ||| Stepping ~*~*~tactically~*~*~ (hiding).
  9010 | D:8      | Found a sparkling altar of Nemelex Xobeh.
  9020 | D:8      | 9020 ||| Stepping ~*~*~tactically~*~*~ (hiding).
  9242 | D:8      | 9242 ||| Stepping ~*~*~tactically~*~*~ (hiding).
  9558 | D:9      | Found Bepuabyu's Weapon Boutique.
  9627 | D:9      | 9627 ||| READING 3 scrolls of enchant armour.
  9627 | D:9      | 9627 ||| ENCHANTING +0 pair of gloves.
  9628 | D:9      | 9628 ||| READING 2 scrolls of enchant armour.
  9628 | D:9      | 9628 ||| ENCHANTING +1 pair of gloves.
  9629 | D:9      | 9629 ||| READING scroll of enchant armour.
  9629 | D:9      | 9629 ||| ENCHANTING +0 swamp dragon scales.
  9638 | D:9      | 9638 ||| INVOKING Fiery Armour.
  9659 | D:9      | Reached XP level 10. HP: 76/79 MP: 11/11
  9719 | D:9      | Reached skill level 11 in Axes
  9776 | D:9      | 9776 ||| Stepping ~*~*~tactically~*~*~ (stealth).
  9777 | D:9      | 9777 ||| Stepping ~*~*~tactically~*~*~ (stealth).
  9779 | D:9      | 9779 ||| Stepping ~*~*~tactically~*~*~ (stealth).
  9781 | D:9      | 9781 ||| Stepping ~*~*~tactically~*~*~ (stealth).
  9901 | D:9      | Found a staircase to the Lair.
  9991 | D:9      | 9991 ||| SWAPPING to +0 battleaxe.
  9992 | D:9      | 9992 ||| DROPPING +3 war axe of freezing.
 10324 | D:9      | 10324 ||| PLANNING LAIR
 10324 | D:9      | 10324 ||| UPGRADING to +0 buckler.
 10329 | D:9      | 10329 ||| UPGRADING to +0 plate armour.
 10339 | D:9      | 10339 ||| DROPPING +1 swamp dragon scales.
 10340 | D:9      | 10340 ||| DROPPING +0 chain mail.
 10341 | D:9      | 10341 ||| UPGRADING to +2 cloak.
 10394 | Lair:1   | Entered Level 1 of the Lair of Beasts
 10394 | Lair:1   | Noticed a rime drake
 10408 | Lair:1   | Killed a rime drake
 10409 | Lair:1   | Reached skill level 3 in Shields
 10410 | Lair:1   | Noticed a komodo dragon
 10423 | Lair:1   | 10423 ||| INVOKING Fiery Armour.
 10424 | Lair:1   | Killed a komodo dragon
 10770 | Lair:1   | Noticed a cane toad
 10771 | Lair:1   | Noticed a black mamba
 10772 | Lair:1   | 10772 ||| INVOKING Fiery Armour.
 10778 | Lair:1   | Killed a black mamba
 10782 | Lair:1   | Killed a cane toad
 10809 | Lair:1   | Noticed a black mamba
 10814 | Lair:1   | Killed a black mamba
 10815 | Lair:1   | Reached skill level 6 in Armour
 10816 | Lair:1   | HP: 18/80 [poisoned by a black mamba]
 10821 | Lair:1   | HP: 13/80 [poisoned by a black mamba]
 11187 | Lair:1   | Noticed a rime drake
 11193 | Lair:1   | Killed a rime drake
 11194 | Lair:1   | Reached skill level 6 in Shields
 11376 | Lair:1   | Reached XP level 11. HP: 30/86 MP: 5/12
 12106 | Lair:2   | 12106 ||| STAIRDANCE
 12125 | Lair:1   | Reached skill level 12 in Axes
 12276 | Lair:2   | 12276 ||| STAIRDANCE
 12282 | Lair:1   | HP: 20/86 [black mamba (2)]
 12283 | Lair:1   | 12283 ||| DRINKING 2 potions of heal wounds.
 12286 | Lair:1   | HP: 9/86 [black mamba (2)]
 12287 | Lair:1   | 12287 ||| DRINKING potion of heal wounds.
 12561 | Lair:2   | 12561 ||| STAIRDANCE
 12795 | Lair:2   | 12795 ||| STAIRDANCE
 13065 | Lair:2   | 13065 ||| READING scroll of enchant armour.
 13065 | Lair:2   | 13065 ||| ENCHANTING +0 plate armour.
 13070 | Lair:2   | Noticed a four-headed hydra
 13073 | Lair:2   | 13073 ||| SWAPPING to -1 hand axe of flaming.
 13079 | Lair:2   | Killed a one-headed hydra
 13080 | Lair:2   | 13080 ||| SWAPPING to +0 battleaxe.
 13143 | Lair:2   | 13143 ||| Stepping ~*~*~tactically~*~*~ (stealth).
 13144 | Lair:2   | 13144 ||| Stepping ~*~*~tactically~*~*~ (stealth).
 13145 | Lair:2   | 13145 ||| Stepping ~*~*~tactically~*~*~ (stealth).
 13154 | Lair:2   | Reached skill level 13 in Axes
 13552 | Lair:2   | Noticed Gastronok
 13574 | Lair:2   | HP: 8/87 [Gastronok (23)]
 13576 | Lair:2   | Killed from afar by Gastronok

Levels and vault maps discovered:
D:1:      sevenhm_arrival_forest_fort_small_3, layout_rooms,
          ebering_ecumenical_altar_sacrificial
D:2:      layout_basic, basic_altar, serial_shops, shop,
          uniq_crazy_yiuf_cottage, uniq_jessica
D:3:      kennysheep_the_goblin_king, layout_loops_cross, elyvilon_altar_4,
          chequers_serial_rivers_room_a, minmay_ruptured
D:4:      layout_layer_cave, mainiacjoe_overflow_alcove_1, fedhas_altar_3,
          uniq_blork_the_orc
D:5:      layout_loops_ring
D:6:      layout_basic, lemuel_tele_altar, uniq_menkaure
D:7:      layout_basic, minmay_temple_entry_antechambers, minivault_22
D:8:      layout_loops_ring, kennysheep_mini
D:9:      layout_long_grid, grunt_lair_entry_orc_guard_hut, serial_shops,
          nicolae_shop_temple_entry_statues_fountains
Lair:1:   layout_chaotic_city
Lair:2:   dpeg_oklob_gauntlet, layout_hall_layers,
          hellmonk_spider_entry_life_and_decay, nicolae_quartered_pool_medium,
          uniq_gastronok, uniq_amaemon

Skill      XL: |  1  2  3  4  5  6  7  8  9 10 11 |
---------------+----------------------------------+-----
Axes           | 4 5 6 7 9 10 11 13 | 13.0
Dodging        | 1 2 |  2.2
Armour         | 1 3 7 |  7.3
Throwing       | 1 2 3 |  3.2
Fighting       | 4 5 7 8 |  8.9
Shields        | 6 |  6.2
Spellcasting   | |  1.1
Fire Magic     | |  3.0

Action                   |  1- 3 |  4- 6 |  7- 9 | 10-12 || total
-------------------------+-------+-------+-------+-------++-------
Melee: Hand axe          |    93 |     1 |       |     4 ||    98
       War axe           |       |   112 |   175 |    24 ||   311
       Punch             |       |     1 |     3 |       ||     4
       Battleaxe         |       |       |       |   197 ||   197
Throw: Javelin           |       |    17 |    13 |    13 ||    43
       Boomerang         |       |     4 |    14 |    32 ||    50
Invok: Fiery Armour      |       |     4 |     6 |     2 ||    12
  Use: Scroll            |     3 |    10 |    11 |     1 ||    25
       Potion            |       |     3 |     4 |     2 ||     9
Armor: Robe              |    15 |       |       |       ||    15
       Ring mail         |       |    58 |    23 |       ||    81
       Swamp dragon scal |       |       |    71 |     7 ||    78
       Plate armour      |       |       |       |   136 ||   136
Dodge: Dodged            |    67 |    77 |   113 |    76 ||   333
Block: Buckler           |       |       |       |    45 ||    45

Table legend:
 A = Non-vault XP
 B = Vault XP
 C = Vault XP percentage of total XP
 D = Non-vault monster count
 E = Vault monster count
 F = Vault count percentage of total count
                 A         B        C        D         E       F
            +---------+---------+-------+---------+---------+-------
      Total |   12148 |     848 |   6.5 |     157 |      18 |  10.3
            +---------+---------+-------+---------+---------+-------
        D:1 |      24 |       0 |   0.0 |      15 |       0 |   0.0
        D:2 |      34 |      37 |  52.1 |      13 |       1 |   7.1
        D:3 |     158 |      19 |  10.7 |      23 |      10 |  30.3
        D:4 |      69 |      99 |  58.9 |       8 |       1 |  11.1
        D:5 |     427 |       0 |   0.0 |      13 |       0 |   0.0
        D:6 |     578 |     175 |  23.2 |       9 |       1 |  10.0
        D:7 |    1356 |       0 |   0.0 |      28 |       0 |   0.0
        D:8 |     592 |       0 |   0.0 |       7 |       0 |   0.0
        D:9 |     545 |     518 |  48.7 |      11 |       5 |  31.2
     Lair:1 |    5710 |       0 |   0.0 |      20 |       0 |   0.0
     Lair:2 |    2655 |       0 |   0.0 |      10 |       0 |   0.0
            +---------+---------+-------+---------+---------+-------
